 Dungeon Crawl Stone Soup version 0.19.1 (webtiles) character file.

861 Haldmier the Archer (level 7, -2/48 HPs)
             Began as a High Elf Hunter on Nov 26, 2016.
             Was an Initiate of Fedhas.
             Slain by a vampire (3 damage)
             ... on level 5 of the Dungeon.
             The game lasted 00:30:37 (5541 turns).

Haldmier the Archer (High Elf Hunter)               Turns: 5541, Time: 00:30:39

Health: -2/48      AC:  7    Str: 11    XL:     7   Next: 71%
Magic:  12/12      EV: 11    Int: 15    God:    Fedhas [......]
Gold:   189        SH:  0    Dex: 22    Spells: 2 memorised, 8 levels left

rFire  . . .     SeeInvis .     a - +1 shortbow
rCold  . . .     Gourm    .     v - +0 ring mail
rNeg   . . .     Faith    .     (shield currently unavailable)
rPois  +         Spirit   .     C - +0 helmet
rElec  .         Reflect  .     (no cloak)
rCorr  .         Harm     .     (no gloves)
MR     .....                    z - +0 pair of boots
Stlth  ++........               E - amulet of magic regeneration
                                D - ring of poison resistance
                                e - +4 ring of dexterity

@: no status effects
A: no striking features
a: Fungal Bloom, Renounce Religion


You were on level 5 of the Dungeon.
You worshipped Fedhas.
Fedhas was noncommittal.
You were hungry.

You visited 2 branches of the dungeon, and saw 6 of its levels.

You collected 189 gold pieces.

Inventory:

Hand Weapons
 a - a +1 shortbow (weapon)
 b - a +2 whip of venom
 p - a +0 hunting sling
 B - a +2 dagger of holy wrath
Missiles
 d - 47 arrows (quivered)
 o - 11 tomahawks
 q - 135 stones
 r - 95 sling bullets
 F - a throwing net
Armour
 k - a +0 scale mail
 v - a +0 ring mail (worn)
 z - a +0 pair of boots (worn)
 C - a +0 helmet (worn)
Jewellery
 e - a +4 ring of dexterity (left hand)
 D - a ring of poison resistance (right hand)
 E - an amulet of magic regeneration (around neck)
Scrolls
 g - a scroll of recharging {unknown}
 h - a scroll of fog {unknown}
 i - a scroll of fear {unknown}
 l - a scroll of enchant armour {unknown}
 s - 3 scrolls of remove curse
 t - a scroll of identify
 w - a scroll of teleportation {unknown}
 x - a scroll of random uselessness {unknown}
 G - a scroll of magic mapping {unknown}
Potions
 c - 2 potions of brilliance
 n - a potion of flight
 u - 2 potions of haste
 A - a potion of resistance
 H - a potion of heal wounds
Books
 y - a book of Minor Magic

   Spells                             Type                      Level
   a - Magic Dart                     Conjuration                  1
   b - Blink                          Translocation                2
   c - Call Imp                       Summoning                    2
   d - Repel Missiles                 Charms/Air                   2
   e - Slow                           Hexes                        2
   f - Conjure Flame                  Conjuration/Fire             3
   g - Mephitic Cloud                 Conjuration/Poison/Air       3
Comestibles
 f - 2 bread rations
 j - 3 beef jerkies
 m - 4 meat rations
 I - a royal jelly


   Skills:
 - Level 4.1 Fighting
 * Level 9.5 Bows
 - Level 2.1 Dodging
 - Level 1.1 Stealth
 - Level 3.0 Spellcasting
 + Level 2.5 Hexes
 + Level 3.1 Translocations


You had 8 spell levels left.
You knew the following spells:

 Your Spells              Type           Power        Failure   Level  Hunger
a - Blink                 Tloc           N/A          24%         2    ##.....
b - Slow                  Hex            #.......     30%         2    ##.....


Dungeon Overview and Level Annotations

Branches:
Dungeon (5/15)             Temple (1/1) D:5

Altars:
Cheibriados
Elyvilon
Fedhas
Gozag
Hepliaklqana
Kikubaaqudgha
Makhleb
Nemelex Xobeh
Qazlal
Ru
Sif Muna
Trog
Uskayaw
Vehumet
Xom
Zin

Shops:
D:5 [


Message History

Okay, then.
You hear some strange, mumbled words.
You are confused.
Something hits you. Something bites you!
Something draws strength from your injuries!
You take 11 damage, and have 28/48 hp.
MASSIVE DAMAGE!!
You bump into the rock wall.
Something hits you! Something bites you!
* * * LOW HITPOINT WARNING * * *
Something draws strength from your injuries!
You take 18 damage, and have 10/48 hp.
MASSIVE DAMAGE!!
You bump into the rock wall.
Something hits you but does no damage. Something bites you!
* * * LOW HITPOINT WARNING * * *
Something draws strength from your injuries!
You take 9 damage, and have 1/48 hp.
You bump into the rock wall.
You feel less confused. Something hits you.
You die...
Fedhas appreciates your contribution to the ecosystem.

### #.# ########.#
.........#
#########.####
#....@{......#
#.#######.##(#
#.#.#<##..#.# (#
#.#.#.##..#.# (#
#.#.#.##..#.# (#
#.#.#.##..#.# (#
#.#.#.....#.# .#
####### #.#.#.##.##.#
.#
......####.#.........#


There were no monsters in sight!

Vanquished Creatures
  Prince Ribbit (D:5)
  A phantom (D:4)
  A scorpion (D:4)
  A crimson imp (D:5)
  A centaur skeleton (D:4)
  An orc priest (D:4)
  An iguana (D:4)
  5 worker ants
  Terence (D:2)
  Robin (D:4)
  8 gnolls
  5 adders
  2 worms (D:2)
  An adder skeleton (D:4)
  2 dart slugs (D:1)
  4 leopard geckos
  10 orcs
  3 ball pythons
  9 bats
  2 giant cockroaches
  11 hobgoblins
  14 jackals
  3 quokkas
  10 frilled lizards
  15 goblins
  4 kobolds
  7 rats
124 creatures vanquished.

Notes
Turn   | Place    | Note
-------+----------+-------------------------------------------
     0 | D:1      | Haldmier the High Elf Hunter began the quest for the Orb.
     0 | D:1      | Reached XP level 1. HP: 14/14 MP: 2/2
    99 | D:1      | Reached XP level 2. HP: 19/19 MP: 3/3
   391 | D:1      | Reached skill level 6 in Bows
   851 | D:1      | Reached XP level 3. HP: 25/25 MP: 4/4
  1495 | D:2      | Noticed Terence
  2110 | D:2      | Reached XP level 4. HP: 25/31 MP: 5/5
  2363 | D:2      | Reached skill level 7 in Bows
  2847 | D:2      | Killed Terence
  2847 | D:2      | Reached XP level 5. HP: 36/36 MP: 6/6
  3147 | D:3      | Learned a level 2 spell: Blink
  3150 | D:3      | Learned a level 2 spell: Slow
  3289 | D:3      | Found a hazy altar of Hepliaklqana.
  3716 | D:4      | Reached skill level 1 in Translocations
  3986 | D:4      | Reached skill level 8 in Bows
  3986 | D:4      | Reached skill level 1 in Spellcasting
  3986 | D:4      | Reached XP level 6. HP: 38/43 MP: 8/8
  4115 | D:4      | Reached skill level 1 in Hexes
  4123 | D:4      | Noticed Robin
  4132 | D:4      | Killed Robin
  4687 | D:4      | Reached XP level 7. HP: 32/48 MP: 11/11
  5008 | D:5      | Entered Level 5 of the Dungeon
  5139 | D:5      | Noticed Prince Ribbit
  5142 | D:5      | Found a staircase to the Ecumenical Temple.
  5157 | D:5      | Killed Prince Ribbit
  5157 | D:5      | Reached skill level 9 in Bows
  5181 | Temple   | Entered the Ecumenical Temple
  5322 | Temple   | Became a worshipper of Fedhas Madash
  5402 | D:5      | Found Sonoleng's Antique Armour Shop.
  5515 | D:5      | Noticed a vampire
  5540 | D:5      | HP: 1/48 [something (9)]
  5541 | D:5      | Slain by a vampire

Skill      XL: |  1  2  3  4  5  6  7 |
---------------+----------------------+-----
Bows           | 6 7 8 9 |  9.5
Fighting       | 3 4 |  4.1
Translocations | 1 3 |  3.1
Spellcasting   | 1 2 3 |  3.0
Hexes          | 1 2 |  2.5
Dodging        | |  2.1
Stealth        | |  1.1

Action                   |  1- 3 |  4- 6 |  7- 9 || total
-------------------------+-------+-------+-------++-------
Melee: Short sword       |   106 |    38 |       ||   144
       Whip              |       |   136 |    41 ||   177
 Fire: Shortbow          |    50 |   106 |    26 ||   182
       Hunting sling     |     7 |       |       ||     7
Throw: Tomahawk          |       |     6 |       ||     6
  Use: Potion            |       |     2 |       ||     2
       Scroll            |       |       |     4 ||     4
 Stab: Distracted        |       |     1 |       ||     1
       Sleeping          |       |     1 |     1 ||     2
  Eat: Chunk             |     4 |     8 |     2 ||    14
Armor: Leather armour    |    26 |       |       ||    26
       Ring mail         |    12 |    69 |    14 ||    95
Dodge: Dodged            |    92 |   119 |    28 ||   239
